 Dungeon Crawl Stone Soup version 0.28.0-53-g5a82cb258f (webtiles) character file.

Game seed: 12134572769725082039

275 PentaManta the Transmogrifier (level 6, -20/43 HPs)
             Began as a Merfolk Transmuter on June 6, 2022.
             Demolished by an ice devil (23 damage)
             ... summoned by a kobold demonologist
             ... on level 3 of the Dungeon.
             The game lasted 00:08:38 (4583 turns).

PentaManta the Transmogrifier (Merfolk Transmuter)  Turns: 4583, Time: 00:08:38

Health: -20/43     AC:  2    Str: 16    XL:     6   Next: 24%
Magic:  6/9        EV: 20    Int: 14    God:
Gold:   134        SH:  0    Dex: 20    Spells: 5/9 levels left

rFire   . . .      SeeInvis .     - Unarmed
rCold   . . .      Faith    .   (shield currently unavailable)
rNeg    . . .      Spirit   .   (armour currently unavailable)
rPois   x          Reflect  .   (helmet currently unavailable)
rElec   .          Harm     .   (cloak currently unavailable)
rCorr   .          Rampage  .   (gloves currently unavailable)
Will    .....                   (boots currently unavailable)
Stlth   ++........              (no amulet)
HPRegen 0.14/turn               m - +6 ring of strength
MPRegen 0.11/turn               (no ring)

@: spider-form
A: venomous fangs, tiny, (nimble swimmer 2), (mertail)
a: End Transformation


You were on level 3 of the Dungeon.
You were a venomous arachnid creature.
You visited 1 branch of the dungeon, and saw 3 of its levels.

You collected 134 gold pieces.

Inventory:

Missiles
 i - 5 atropa-tipped darts
 j - 7 poisoned darts
Armour
 a - a +0 robe (melded)
 d - a +0 buckler
 f - a +0 cloak (melded)
Jewellery
 m - a +6 ring of strength (left front leg)
Wands
 p - a wand of flame (11) (quivered)
Scrolls
 b - 2 scrolls of identify {unknown}
 g - 2 scrolls of enchant weapon {unknown}
 h - a scroll of fog {unknown}
 k - 3 scrolls of acquirement {unknown}
 o - a scroll of fear {unknown}
Potions
 c - a potion of heal wounds {unknown}
 e - a potion of might {unknown}
 l - a potion of degeneration {unknown}
 n - a potion of curing {unknown}


   Skills:
 - Level 1.1 Fighting
 + Level 2.9 Dodging
 * Level 3.8 Unarmed Combat
 - Level 2.0 Spellcasting
 - Level 8.0 Transmutations


You had 5 spell levels left.
You knew the following spells:

 Your Spells              Type           Power      Damage    Failure   Level
a - Beastly Appendage     Tmut           46%        N/A       4%          1
b - Spider Form           Tmut/Pois      12%        N/A       32%         3

Your spell library contained the following spells:

 Spells                   Type           Power      Damage    Failure   Level
 Wereblood                Tmut           23%        N/A       6%          2
 Corpse Rot               Necr/Air       2%         N/A       56%         2
 Poisonous Vapours        Pois/Air       2%         N/A       56%         2
 Ice Form                 Ice/Tmut       12%        N/A       63%         4
 Ozocubu's Armour         Ice            1%         N/A       77%         3
 Metabolic Englaciation   Hex/Ice        0%         N/A       100%        5
 Simulacrum               Ice/Necr       0%         N/A       100%        6


Dungeon Overview and Level Annotations

Branches:
Dungeon (3/15)

Altars:
Vehumet

Annotations:
D:3 1 transporter


Innate Abilities, Weirdness & Mutations

You are a venomous arachnid creature.
You have poisonous fangs.
You are tiny and dextrous.
Your spellcasting is less reliable in this form.
Your armour is entirely melded.
You are incapable of wielding weapons or throwing items.
((You are very nimble when in or above water. (Stealth+, EV+, Speed+++)))
((Your lower body shifts to a powerful aquatic tail in water.))


Message History

The plant begins to die.
The plant is engulfed in a cloud of scalding steam.
The plant begins to die.
The plant is engulfed in a cloud of scalding steam.
The shadow imp spits at you.
The orc priest looks braver for a moment.
The shadow imp puffs mist at you.
Aiming: Throw Flame
Press: ? - help, Q - select action, (/) - cycle Shift-Dir - straight line The plant is engulfed in a cloud of scalding steam.
The orc priest calls down the wrath of Beogh upon you.
Beogh smites you!
Aiming: Throw Flame
Press: ? - help, Q - select action, (/) - cycle Shift-Dir - straight line A nearby plant withers and dies. x2
The orc priest looks braver for a moment.
The kobold demonologist casts a spell.
There is a transporter landing site here.
The shadow imp gestures at you. Pain shoots through your body!
The kobold demonologist casts a spell.
Aiming: Throw Flame
Press: ? - help, Q - select action, (/) - cycle Shift-Dir - straight line The puff of flame hits the kobold demonologist.
The kobold demonologist is heavily wounded.
The shadow imp spits at you.
The shadow imp shouts, "Crawl home, thou defiled crook-pated serf!"
You close the door.
An ice devil opens the door.
You close the door.
An ice devil breaks down the door.
Okay, then.
Casting: Spider Form (dangerous; 14% risk of failure)
Confirm with . or Enter, or press ? or * to list all spells.
You turn into a venomous arachnid creature.
Your +0 cloak melds into your body.
Your +0 robe melds into your body.
You hit the ice devil but do no damage. The ice devil misses you.
You hit the ice devil but do no damage. The ice devil hits you!
* * * LOW HITPOINT WARNING * * *
The ice devil freezes you!!
Ouch! That really hurt!
You die...

#.#o≈...≈§#.# #..### #######
#.#.≈...≈.#.#####..# ......#
#.#.≈≈P≈≈.#.##.....### .####.#
#.#.≈≈⌠≈≈.#.##........ .####.#
#.#.≈≈≈≈≈K#.##.....### ......#
#.#o≈...≈5#........... .###..#
#.#5≈5..≈5#.###.....## .###..#
#.####4####.# ##...### ......#
#.#P.s...P#.# ##.## # ####.##
#.#8P.©.P8#.# #.# #.#
#.#########.# #.# #.#
#.....©.....# ##'## #.###
##......##### ##...## #.#.##
###.#.## ##.....## ##..#.##
#.#..## ##.......#
###....#.######.#...####.........
.......................'.<.......


You could see an ice devil (summoned), a kobold demonologist, an orc priest and
4 shadow imps.

Vanquished Creatures
  Sigmund (D:2)
  4 adders
  2 worms (D:2)
  A dart slug (D:1)
  3 orcs (D:3)
  3 ball pythons
  4 bats
  8 endoplasms
  2 giant cockroaches
  8 hobgoblins
  6 jackals
  7 kobolds
  4 quokkas
  4 frilled lizards
  7 goblins
  5 rats
  A spectral hobgoblin (D:1)
70 creatures vanquished.

Vanquished Creatures (others)
  2 plants (D:3)
2 creatures vanquished.

Grand Total: 72 creatures vanquished

Notes
Turn   | Place    | Note
-------+----------+-------------------------------------------
     0 | D:1      | PentaManta the Merfolk Transmuter began the quest for the
                  | Orb.
     0 | D:1      | Reached XP level 1. HP: 15/15 MP: 3/3
    34 | D:1      | Reached skill level 3 in Transmutations
   191 | D:1      | Reached XP level 2. HP: 4/21 MP: 3/5
   670 | D:1      | Reached skill level 4 in Transmutations
   927 | D:1      | Found a faded altar of an unknown god.
  1052 | D:1      | Reached XP level 3. HP: 19/24 MP: 4/6
  1133 | D:1      | Learned a level 3 spell: Spider Form
  1647 | D:2      | Reached skill level 5 in Transmutations
  1734 | D:2      | Noticed Sigmund
  1840 | D:2      | Killed Sigmund
  1841 | D:2      | Reached skill level 7 in Transmutations
  1841 | D:2      | Reached XP level 4. HP: 9/32 MP: 4/7
  1841 | D:2      | Reached XP level 5. HP: 11/37 MP: 4/8
  2159 | D:2      | Found a radiant altar of Vehumet.
  2704 | D:2      | Reached skill level 8 in Transmutations
  2704 | D:2      | Reached XP level 6. HP: 34/43 MP: 7/9
  3443 | D:3      | Found a transporter.
  4168 | D:3      | Found a transporter.
  4177 | D:3      | Noticed a kobold demonologist
  4575 | D:3      | Noticed an ice devil
  4583 | D:3      | Demolished by an ice devil

Illustrated notes

Levels and vault maps discovered:
D:1:      psy_arrival_spokes, layout_basic,
          dreamdust_ecumenical_altar_drowned_temple
D:2:      layout_basic, basic_altar, uniq_sigmund
D:3:      gammafunk_wand_slinger, layout_loops_corners, minmay_starry_boxes

Skill      XL: |  1  2  3  4  5 |
---------------+----------------+-----
Transmutations | 3 4 7 8 |  8.0
Fighting       | |  1.1
Dodging        | |  2.9
Unarmed Combat | |  3.8
Spellcasting   | |  2.0

Action                   |  1- 3 |  4- 6 || total
-------------------------+-------+-------++-------
Melee: Unarmed           |    90 |   105 ||   195
       Headbutt          |    12 |     9 ||    21
       Punch             |     5 |       ||     5
 Cast: Beastly Appendage |    19 |    12 ||    31
       Spider Form       |     1 |    15 ||    16
Evoke: Wand              |       |     8 ||     8
Armor: Robe              |    14 |     6 ||    20
       Skin              |       |     5 ||     5
Dodge: Dodged            |    51 |    55 ||   106
